Cogmind - Beta 16.1 --- EXPLORER MODE // 2026.03.18 @ 23:13:19 Player: Fqbits Result: Core destroyed Performance ------------- Evolutions (0) 0 Regions Visited (2) 400 Robots Destroyed (41) 205 Value Destroyed (737) 737 Prototype IDs (4) 80 Alien Tech Used (0) 0 Bonus (0) 0 TOTAL SCORE: 1422 Bonus ------- None Cogmind --------- Core Integrity 0/250 Matter 17/500 Energy 93/100 System Corruption 3% Temperature Cool (6) Movement Rolling (120) Ox1 Location -10/Subcaves Parts ------- > --- POWER (1) -------- (None) > --- PROPULSION (2) --- Subdweller Monowheel Subdweller Monowheel > --- UTILITY (3) ------ High-capacity Storage Unit High-capacity Matter Pod Improved Terrain Scanner > --- WEAPON (2) ------- Autogun Datajack > --- INVENTORY (20) --- Improved Heat Sink High-capacity Battery (250) Small Matter Pod (50) Medium Matter Pod (100) High-capacity Matter Pod (200) Weight Redist. System Subdweller Optics Sensor Array Seismic Detector Transport Network Coupler Scrap Shield Autogun Autogun Mining Laser Scrap Shield Fragment (50) Scrap Shield Fragment (44) Peak State ------------ > --- POWER ------------ Ion Engine > --- PROPULSION ------- Light Treads Light Treads > --- UTILITY ---------- High-capacity Storage Unit Improved Terrain Scanner Power Shielding > --- WEAPON ----------- Autogun Autogun > --- INVENTORY -------- Hover Unit Improved Heat Sink High-capacity Battery Small Matter Pod Medium Matter Pod High-capacity Matter Pod High-capacity Matter Pod Weight Redist. System Subdweller Optics Sensor Array Seismic Detector Transport Network Coupler Riot Gun Autogun Autogun Mining Laser Scrap Shield Fragment Scrap Shield Fragment Scrap Shield Fragment [Rating: 15] Favorites ----------- Power Ion Engine Engine Ion Engine Propulsion Light Treads Treads Light Treads Wheel Subdweller Monowheel Hover Unit Backup Propulsion I Utility Improved Terrain Scanner Device Improved Terrain Scanner Storage High-capacity Storage Unit Processor Targeting Computer Protection Power Shielding Weapon Autogun Energy Gun Medium Laser Ballistic Gun Autogun Special Weapon Mining Laser Special Melee Weapon Datajack Build | -11 -10 -10 ------- Run | Yrd Mat Sub Slots Evolved 1 | . 1 . Power . | . . . Propulsion . | . . . Utility 1 | . 1 . Weapon . | . . . Parts Attached 24 | 10 8 6 Power 1 | 1 . . Engine 1 | 1 . . Core . | . . . Reactor . | . . . Propulsion 4 | 2 . 2 Treads 2 | 2 . . Leg . | . . . Wheel 2 | . . 2 Hover . | . . . Flight . | . . . Utility 10 | 4 5 1 Device 2 | 1 1 . Storage 6 | 2 3 1 Processor 1 | 1 . . Hackware . | . . . Protection 1 | . 1 . Artifact . | . . . Weapon 9 | 3 3 3 Energy Gun 2 | 1 . 1 Energy Cannon . | . . . Ballistic Gun 5 | 1 3 1 Ballistic Cannon . | . . . Launcher . | . . . Special Weapon 1 | 1 . . Impact Weapon . | . . . Slashing Weapon . | . . . Piercing Weapon . | . . . Special Melee Weapon 1 | . . 1 Unidentified Prototypes . | . . . Parts Lost 4 | . . 4 Power 1 | . . 1 Propulsion 2 | . . 2 Utility . | . . . Weapon 1 | . . 1 Highest Loss Streak 1 | . . 1 To Critical Strikes . | . . . Average Backups 9 | 4 10 15 Power . | . . . Propulsion . | . . . Utility 7 | 3 7 10 Weapon 1 | . 2 3 Tool/Special . | . . . Unused Backups 16 | 4 1 11 Power 1 | 1 . . Propulsion 2 | 1 . 1 Utility 11 | 1 1 9 Weapon 2 | 1 . 1 Tool/Special . | . . . Average Slot Usage (%) 94 | . 96 92 Engine 8 | . 12 5 Treads 23 | . 24 23 Device 12 | . 12 12 Storage 14 | . 12 17 Protection 8 | . 9 7 Energy Gun 2 | . 4 . Ballistic Gun 18 | . 16 20 Special Weapon 2 | . 2 2 Peak Build Rating 15 | 8 14 15 Average Rating 10 | 7 11 13 On Entrance 7 | . 8 14 Avg Prop Armor Cover (%) 13 | . 3 15 Naked Turns . | . . . Heaviest Build 53 | 21 53 53 Greatest Support 40 | 40 40 40 Greatest Overweight (x) 16 | . 2 16 Average Overweight (x) . | . . 1 Largest Inventory Capacity 20 | 10 20 20 Average Capacity 15 | 9 18 20 Most Carried 20 | 6 18 20 Average Carried 10 | 4 12 18 Final Capacity 20 | 10 20 20 Final Carried 18 | 6 18 17 Class Distribution -------------------- 100% | Hacker-Mutant Dominant Class ---------------- Hacker-Mutant | -10/Materials Hacker-Mutant | -10/Subcaves Resources | -11 -10 -10 ----------- Run | Yrd Mat Sub Matter Collected 1352 | 437 756 159 Remotely . | . . . Salvage Created 1194 | 336 557 301 Parts 88 | 30 37 21 Haulers Intercepted 2 | . 2 . Recyclers Shooed . | . . . Parts Field Recycled . | . . . Retrieved Matter . | . . . Parts Self-Destructed . | . . . Prevented . | . . . Parts Restored . | . . . Kills | -11 -10 -10 ------- Run | Yrd Mat Sub Combat Hostiles Destroyed 19 | . 10 9 Guns 19 | . 10 9 Classes Destroyed 9 | 3 5 1 Worker 5 | 4 1 . Tunneler 9 | 9 . . Hauler 2 | . 2 . Recycler 1 | 1 . . Turret 2 | . . 2 Watcher 3 | . 3 . Swarmer 6 | . 2 4 Grunt 7 | . 7 . Subdweller 6 | . 1 5 Best Kill Streak 6 | 3 4 6 Combat Bots Only 4 | . 3 4 Max Kills in Single Turn 2 | 1 2 1 Gunslinging 1 | . 1 . Exploded . | . . . Melee . | . . . Uniques/NPCs Destroyed . | . . . Combat | -11 -10 -10 -------- Run | Yrd Mat Sub Hostile Shots Fired 207 | . 67 140 Missed 75 | . 20 55 Hits 132 | . 47 85 Projectile 132 | . 47 85 Critical Strikes 1 | . 1 . Damage Taken 1217 | . 454 763 Core 250 | . 97 153 Absorbed by Shields . | . . . Redirected to Shielding 20 | . 19 1 Ignored by Resistances 754 | . 283 471 Regen/Repaired (Parts) 120 | . 120 . Core Remaining (%) 100 | 100 . . Volleys Fired 159 | 23 61 75 Largest 2 | 2 2 2 Hottest 123 | 70 70 123 Shots Fired 260 | 42 96 122 Gun 257 | 42 96 119 Cannon . | . . . Launcher . | . . . Special 3 | . . 3 Kinetic 219 | 19 84 116 Thermal 38 | 23 12 3 Explosive . | . . . Electromagnetic 3 | . . 3 Robot Hit Streak 21 | 16 17 21 Robot Miss Streak 6 | 1 6 1 Penetration Max . | . . . Secondary Targets 3 | . 1 2 Max Gunslinging Chain 1 | . 1 1 Shots Hit Robots 175 | 29 71 75 Core Hits 58 | 15 23 20 Critical Kills . | . . . Critical Parts Destroyed 1 | . 1 . Critical Strikes 4 | 1 1 2 Burn 1 | 1 . . Destroy 3 | . 1 2 Melee Attacks 3 | . . 3 Impact . | . . . Slashing . | . . . Piercing . | . . . Sneak Attacks . | . . . Combat Hostiles . | . . . Follow-up Attacks . | . . . Damage Inflicted 2257 | 369 951 937 Guns 2189 | 369 951 869 Cannons . | . . . Explosions . | . . . Melee . | . . . Ramming 20 | . . 20 Kinetic 1782 | 126 840 816 Thermal 402 | 243 111 48 Explosive . | . . . Electromagnetic 53 | . . 53 Impact . | . . . Slashing . | . . . Piercing . | . . . Highest Corruption 3 | . 3 3 Average Corruption 2 | . 2 3 Corruption Purged . | . . . Corruption Blocked . | . . . Effects 78 | . 29 49 Message Errors 18 | . 10 8 Matter Fused 12 | . 5 7 Heat Flow Errors 12 | . 3 9 Energy Discharges 11 | . 5 6 Parts Rejected 1 | . . 1 Data Loss (minor) 17 | . 5 12 Data Loss (major) 4 | . . 4 Misfires 1 | . . 1 Alerts 2 | . 1 1 Overload Shots . | . . . Overflow Damage . | . . . Projectiles . | . . . Explosions . | . . . Melee . | . . . Knockbacks 1 | . . 1 Impact 1 | . . 1 Kinetic . | . . . Secondary . | . . . Self-Inflicted Damage 9 | . . 9 Shots . | . . . Rammed 4 | . . 4 Targets Rammed 4 | . . 4 Kicked . | . . . Crushed . | . . . Highest Temperature 234 | 40 234 204 Average Temperature 36 | 11 35 84 Received Heat Transfer 687 | . 315 372 Siege Activations . | . . . Martial Activations . | . . . Shielding Activations . | . . . Robots Disrupted . | . . . Combat Hostiles . | . . . Robots Corrupted . | . . . Combat Hostiles . | . . . Parts Fried . | . . . Impact Corruptions . | . . . Robots Melted . | . . . Combat Hostiles . | . . . Parts Melted 1 | 1 . . Heat Transferred 1210 | 777 333 100 Parts Sabotaged . | . . . Parts Stolen . | . . . Parts Stripped . | . . . Power Chain Reactions . | . . . Alert | -11 -10 -10 ------- Run | Yrd Mat Sub Maximum Alert Level . | . . . Low Security (%) 100 | 100 100 . Level 1 . | . . . Level 2 . | . . . Level 3 . | . . . Level 4 . | . . . Level 5 . | . . . High Security . | . . . Max Security . | . . . Peak Influence 55 | 10 55 . Initial . | . . . Average 1 | . 3 . Influence Increases 564 | 70 344 150 Destroy 0b10 Robot/C 300 | . 180 120 Destroy 0b10 Robot/NC 100 | 70 30 . Destroy Leader 50 | . 50 . Successful Hack 24 | . 24 . Partial Spotted 15 | . 15 . Lose Combat Pursuer 75 | . 45 30 Influence Decreases 564 | 70 344 150 Time Decay 554 | 70 344 140 Lost Part 10 | . . 10 Squads Dispatched 2 | . 2 . Investigation 2 | . 2 . Extermination . | . . . Reinforcement . | . . . Assault . | . . . Garrison . | . . . Intercept . | . . . Searches Triggered . | . . . Construction Impeded . | . . . Haulers Reinforced . | . . . Active Scanning Responses . | . . . Cargo Convoy Interrupts . | . . . Stealth | -11 -10 -10 --------- Run | Yrd Mat Sub Distress Signals 1 | . 1 . Communications Jammed . | . . . Distress Signals . | . . . Times Spotted 46 | . 32 14 Peak Tracking Total 7 | . 7 4 Tactical Retreats 5 | . 3 2 Traps | -11 -10 -10 ------- Run | Yrd Mat Sub Traps Triggered 4 | . 4 . Indirectly . | . . . Trap Hack Attempts . | . . . Triggered . | . . . Disarmed . | . . . Reprogrammed . | . . . Reused . | . . . Traps Extracted . | . . . Installed . | . . . Triggered . | . . . Most Traps Carried 1 | . . 1 Machines | -11 -10 -10 ---------- Run | Yrd Mat Sub Machines Disabled 2 | . . 2 Max in Single Turn 1 | . . 1 Machines Repaired . | . . . Machines Dismantled . | . . . Machines Sabotaged . | . . . Overloaded Fab Kills . | . . . Hacking | -11 -10 -10 --------- Run | Yrd Mat Sub Machines Accessed 10 | . 10 . Terminals 8 | . 8 . Fabricators . | . . . Repair Stations 1 | . 1 . Recycling Units 1 | . 1 . Scanalyzers . | . . . Garrison Access . | . . . Total Hacks 38 | . 38 . Successful 29 | . 29 . Failed 9 | . 9 . Catastrophic 1 | . 1 . Database Lockouts . | . . . Manual . | . . . Terminals 31 | . 31 . Fabricators . | . . . Repair Stations 3 | . 3 . Recycling Units 4 | . 4 . Scanalyzers . | . . . Garrison Access . | . . . Terminal Hacks 22 | . 22 . Record 12 | . 12 . Prototype ID Bank 2 | . 2 . Branch Access Points 1 | . 1 . Recycling Unit Index 1 | . 1 . Alert Level 1 | . 1 . Locate Traps 1 | . 1 . Dispatch Records 1 | . 1 . Hauler Manifests 1 | . 1 . Registered Components 1 | . 1 . Zone Layout 1 | . 1 . Fabricator Hacks . | . . . Repair Station Hacks 3 | . 3 . Scan Component 1 | . 1 . Repair 1 | . 1 . Refit 1 | . 1 . Recycling Unit Hacks 4 | . 4 . Recycle Component 1 | . 1 . Process 1 | . 1 . Report Inventory 1 | . 1 . Retrieve Matter 1 | . 1 . Scanalyzer . | . . . Garrison Access Hacks . | . . . Unauthorized Hacks . | . . . Terminals . | . . . Fabricators . | . . . Repair Stations . | . . . Recycling Units . | . . . Scanalyzers . | . . . Garrison Access . | . . . Data Cores Recovered . | . . . Used . | . . . Hacking Detections 9 | . 9 . Full Trace Events 7 | . 7 . Feedback Events . | . . . Feedback Blocked . | . . . Robot Schematics Acquired . | . . . Robots Built . | . . . Authchips . | . . . Time . | . . . Total Robot Build Rating . | . . . Part Schematics Acquired . | . . . Parts Built . | . . . Authchips . | . . . Time . | . . . Total Part Build Rating . | . . . Part Studies Acquired . | . . . Parts Repaired 1 | . 1 . Time 26 | . 26 . Parts Recycled 1 | . 1 . Recycled Matter 456 | . 456 . Retrieved Matter 512 | . 512 . Retrieved Components . | . . . Parts Scanalyzed . | . . . Part Schematics Acquired . | . . . Parts Damaged . | . . . Bothacking | -11 -10 -10 ------------ Run | Yrd Mat Sub Used RIF Installer . | . . . Robots Hacked 2 | . . 2 Non-combat . | . . . Combat 2 | . . 2 Robot Hacks Applied 2 | . . 2 parse_system 2 | . . 2 Relay Couplers Released . | . . . Fabnet Peak Effective % . | . . . Robots Rewired . | . . . Allies Hacked . | . . . Hacks Repelled . | . . . Allies | -11 -10 -10 -------- Run | Yrd Mat Sub Total Allies . | . . . Largest Group . | . . . Highest-Rated Group . | . . . Highest-Rated Ally . | . . . Total Orders . | . . . Ally Attacks . | . . . Total Damage . | . . . Kills . | . . . Allies Corrupted . | . . . Allies Melted . | . . . Intel | -11 -10 -10 ------- Run | Yrd Mat Sub Active Infowar (turns) 5923 | 148 2901 2874 Sensors 148 | 148 . . Terrain 5775 | . 2901 2874 Robot Analysis Total . | . . . Derelict Logs Recovered 2 | . . 2 Drone Launches . | . . . Drone Recoveries . | . . . Exploration | -11 -10 -10 ------------- Run | Yrd Mat Sub Turns Passed 9789 | 4014 2901 2874 Spaces Moved 2978 | 973 1058 947 Core 25 | 23 . 2 Treads 2845 | 950 1058 837 Legs . | . . . Wheels 108 | . . 108 Hover . | . . . Flight . | . . . Fastest Speed 50 | 50 160 120 Average Speed 200 | 157 214 228 Slowest Speed 850 | 160 320 850 Overloaded Moves . | . . . Propulsion Burnouts . | . . . Robots Hopped . | . . . Potential Cave-ins . | . . . Cave-ins Triggered . | . . . Exploration Rate (%) 73 | 59 98 63 Regions Visited 2 Branch Regions 1 Pre-discovered Areas 2 | . . 2 Known Exits Taken 2 | 1 1 . Unknown Exits Taken . | . . . Scrap Searched . | . . . Spaces Dug . | . . . Terrain Destroyed . | . . . Melee . | . . . Projectile . | . . . AOE . | . . . Terrain Rammed . | . . . Walls Destroyed . | . . . Machines Disabled . | . . . Actions | -11 -10 -10 --------- Run | Yrd Mat Sub Total 6574 | 3415 1608 1551 Wait 3341 | 2387 451 503 Move 2976 | 972 1057 947 Hop . | . . . Pick Up 43 | 18 21 4 Fast Attach 5 | . 1 4 Attach 18 | 8 7 3 Detach 2 | 1 . 1 Swap 6 | 2 2 2 Drop 18 | 4 8 6 Fire 159 | 23 61 75 Melee 3 | . . 3 Ram 3 | . . 3 Kick . | . . . Crush . | . . . Escape Stasis . | . . . Rewire . | . . . Trap . | . . . Miscellaneous . | . . . Route ------- -11/Scrapyard -10/Materials (discovered 5 exits: *Mat x3 / *Min / *Sub) -10/Subcaves (discovered 2 exits: *Mat / *Rec) History --------- Turn | Location | Event 4 | -11/Scrapyard | Identified exit to Materials 4 | -11/Scrapyard | Discovered exit to Materials (range 16) 4015 | -11/Scrapyard | Entered Materials 4015 | -10/Materials | Evolved 1 slot: Utility x1 4036 | -10/Materials | Build established: Hacker-Mutant 4126 | -10/Materials | Identified exit to Subcaves 4126 | -10/Materials | Discovered exit to Subcaves (range 5) 4615 | -10/Materials | Derelicts attacked the area 4716 | -10/Materials | Identified exit to Materials 4716 | -10/Materials | Discovered exit to Materials (range 15) 5053 | -10/Materials | Identified exit to Mines 5053 | -10/Materials | Discovered exit to Mines (range 16) 5377 | -10/Materials | Discovered exit to Materials (range 10) 5575 | -10/Materials | Repaired Lgt. Treads 6204 | -10/Materials | Discovered exit to Materials (range 16) 6916 | -10/Materials | Entered Subcaves 7512 | -10/Subcaves | Learned location of Zion (-6) 7588 | -10/Subcaves | Identified exit to Materials 7588 | -10/Subcaves | Discovered exit to Materials (range 10) 7607 | -10/Subcaves | Shifting Twisted Machinery released Sub. Optics 8293 | -10/Subcaves | Identified exit to Recycling 8293 | -10/Subcaves | Discovered exit to Recycling (range 10) 8317 | -10/Subcaves | Core integrity fell below 50% 8571 | -10/Subcaves | Shifting Twisted Machinery released Piercing Trap 8574 | -10/Subcaves | Shifting Twisted Machinery released Shrapnel Trap 8925 | -10/Subcaves | Met a Zionite searching for "candidates" 9737 | -10/Subcaves | Core integrity fell below 20% 9790 | -10/Subcaves | Core destroyed Last Messages --------------- 09704_ Acquired Scrap Shield. 09726_ RR-LIH(R) suffers critical hit (Destroy). 09727_ Autogun destroyed. 09728_ Jacked RR-LIH(R)... >>parse_system Reading system data... 09729_ Jacked RR-LIH(R)... 09729_ Command string: die 09729_ No effect. [Achievement: There's More Where That Came From] 09733_ RR-LIH(R) affixes Scrap Shield Fragment to Scrap Shield. 09744_ Dropped Riot Gun. 09746_ RR-LIH(R) misfires. 09750_ System corrupted: Heat flow error (+235). 09771_ RR-LIH(R) destroyed. 09784_ BKJ:I>FJXHVPNSDO0>PHT2//JUQPI, 09787_ Slammed into VK-V2S(R). 09787_ VK-V2S(R) knocked back. [Achievement: For Emergencies Only] 09788_ Slammed into VK-V2S(R). Map ----- +----------------------------------------------------+ | # #### ##??#??? ????????????????????????? | | ##??# ##??????????????????????????????? | | ##???# #??????????????????????????????? | | ##????## #??????????????????????????????? | | #??#???### #???????#??????????????????????? | | ####??####### ##???? ##???#?????????????????? | | ###### #### ##??# #?????????????????????? | | # "### #?????????????????????? | | ## """ "" "#?????????????????????? | | ?## "" " """ %???#??????????????? | | ??# """""?? ????????????????????? | | ??# ## """##" ??????????????????????? | | ??# ##### ##?" ###???????????????????? | | ?# #??## "#?#" ?????????????????????? | | # ?## ###""#?????????????????????? | | ## #?# ## ##"" ###???????????????????? | | ######## ### #?????????????? ?????? | | # ## ### ## ##? ? ? ????# ????? | | ###?# ### #?????????????#% ##???? | | #???# ?# #??#??????????# ###?? | | # # ##???## ?#### ##??#?????????? ##? | | ##### #????? #??## "#??##???????? #? | | ???## #??#?# ????## ##??????????? #? | | #???## #?## ##?#?## ##?#???? ???? #? | | ?????## #? #?#??## ####?# ??????? ## | | ??????## #?# ##??## @!##?#????????? # | | #?? ???? #?# #?????# =R]#?????????? | | ????????# ###???####### | #?#????????# % | | ?????????# ## ??# #?##??#?#### | | ??????????##?# ??# ######### | | ?#??????#????# #### ## #[! | | ?????????????# #?### ! & | | ?????????##### ??## !%###### ## | | ?????????## ?## "[###????#### ##?? | | ?????? ## ## ### #####?????##??? | | ???? ????# ## #????????????? | | ??? ???????### #### ## #######??????# | | ??? ????????## ##### ##?????? | | ?? ????????# ###?# ##????? | | ?? ??????## #?# ###??? | | ?? ?????# #?# ### #??? | | ??# ###?## #?# ### #### #??? | | ??# ### #?## ##?## #??## ###? | | ? ##??######???####??### #? | | ???????# #####????????#??????????#### ##? | | ???????### ## ##??????????????????????????# #?? | | #???????##??## #???????????????????????????# #?? | | ??????????#?# #????#????????????????####### ##? | | ????????????# #??????????????#?????## #? | | ????????????# #???#???#????????????# ## | +----------------------------------------------------+ Best States ------------- Heat Dissipation 25 Energy Generation 10 Energy Capacity 250 Matter Stores 400 Matter Capacity 500 Sight Range 16 Robot Scan Range 14 Terrain Scan Range 16 Terrain Scan Density 10 Resistance: KI 35 Resistance: TH 35 Resistance: EX 35 Resistance: EM 35 Resistance: I 35 Resistance: S 35 Resistance: P 35 Power Shielding 33 Evasion (%) 50 Targeting Accuracy 5 Recoil Reduction 2 Offensive Hacking 20 Item Schematics ----------------- None Robot Schematics ------------------ None Fabricated ------------ Nothing Repaired ---------- Lgt. Treads | 14% | -10/Materials Studied --------- None Alien Tech Used ----------------- None Achievements -------------- Analysis Probe DATA ERROR: Steam Global Achievement% Fitting Room For Emergencies Only Organ Harvest There's More Where That Came From Challenges ------------ None Game ------ Seed DeflectorMetafieldRocket Manual? 0 Play Time 00:50:37 Cumulative 56.0 hours Start 2026.03.18 @ 22:22:54 End 2026.03.18 @ 23:13:19 Sessions 1 Manual Loads 0 Difficulty Explorer Special Mode None Game No. 47 Rogue 33 Adventurer 9 Explorer 5 Win Type - Total 0 Types 0/0/0/0/0/0/0/0/0/0 Lore% 30 Gallery% 35 Achievement% 23 Wizard Run 0 Options --------- Layout 1 ASCII 0 Keyboard 0 Movement Mouse Keybinds 0 Fullscreen 1 Font 32/SmallcapsGlow Map View 77x35 Zoom Use 0% Tactical HUD 1 Map Filters NONE Filters NONE Steam 1 RUN: eeba18e9-be51-4f5d-8cf7-01541ca43721